 Dungeon Crawl Stone Soup version 0.17-a0-2098-gf59d6bc (webtiles) character file.

754 derrpe the Ruffian (level 7, -6/66 HPs)
             Began as a Troll Earth Elementalist on Oct 17, 2015.
             Was a Believer of Qazlal.
             Mangled by a wyvern (11 damage)
             ... on level 6 of the Dungeon.
             The game lasted 00:08:09 (5661 turns).

derrpe the Ruffian (Troll Earth Elementalist)       Turns: 5661, Time: 00:08:09

Health: -6/66      AC:  7    Str: 17    XL:     7   Next: 49%
Magic:  7/7        EV: 11    Int: 13    God:    Qazlal [**....]
Gold:   254        SH:  2    Dex: 10    Spells: 2 memorised, 5 levels left

rFire  . . .     SeeInvis .     g - +4 rapier of Duty {venom, rElec}
rCold  . . .     Clarity  .     b - +1 robe
rNeg   . . .     SustAt   .     (no shield)
rPois  .         Gourm    +     (helmet restricted)
rElec  +         Spirit   .     n - +0 cloak
rCorr  .         Warding  .     (gloves unavailable)
rMut   .         Stasis   .     (boots unavailable)
MR     +....                    (no amulet)
Stlth  +.........               (no ring)
                                p - ring of protection from magic

@: somewhat resistant to hostile enchantments, very unstealthy
A: unfitting armour, claws 3, fast metabolism 3, gourmand, regeneration 2,
shaggy fur 1, tough skin 2
a: Upheaval, Renounce Religion


You were on level 6 of the Dungeon.
You worshipped Qazlal.
Qazlal was pleased with you.
You were full.

You visited 1 branch of the dungeon, and saw 6 of its levels.

You collected 254 gold pieces.

Inventory:

Hand Weapons
 g - the +4 rapier of Duty (weapon) {venom, rElec}
   (You found it on level 5 of the Dungeon)

   It poisons the flesh of those it strikes.
   It insulates you from electricity.
Missiles
 a - 204 stones (quivered)
 k - 29 poisoned needles
 q - 34 sling bullets
 t - 7 tomahawks
Armour
 b - a +1 robe (worn)
 n - a +0 cloak (worn)
Jewellery
 p - a ring of protection from magic (left claw)
Wands
 y - a wand of confusion (37)
 F - a wand of disintegration (11)
Scrolls
 f - 2 scrolls of recharging
 i - a scroll of fear
 j - a scroll of fog
 o - 5 scrolls of identify
 r - a scroll of enchant weapon
 u - a scroll of random uselessness {unknown}
 v - 5 scrolls of teleportation
Potions
 h - a potion of might {unknown}
 l - a potion of haste {unknown}
 m - a potion of resistance {unknown}
 s - a potion of flight {unknown}
 C - 2 potions of invisibility {unknown}
Books
 c - a book of Geomancy

   Spells                             Type                      Level
   a - Sandblast                      Earth                        1
   b - Stoneskin                      Transmutation/Earth          2
   c - Passwall                       Transmutation/Earth          3
   d - Stone Arrow                    Conjuration/Earth            3
   e - Petrify                        Transmutation/Earth          4
   f - Lee's Rapid Deconstruction     Earth                        5
 B - a book of Cantrips

   Spells                             Type                      Level
   a - Corona                         Hexes                        1
   b - Animate Skeleton               Necromancy                   1
   c - Summon Small Mammal            Summoning                    1
   d - Apportation                    Translocation                1
Comestibles
 d - 5 bread rations {@e1}
 x - a slice of pizza
 z - 4 fruits
 A - 4 meat rations {@e2}
 E - a beef jerky


   Skills:
 * Level 2.6 Fighting
 * Level 3.8 Dodging
 - Level 1.1 Stealth
 * Level 4.0 Unarmed Combat
 - Level 1.2 Spellcasting
 + Level 1.7 Transmutations
 + Level 3.9 Earth Magic
 + Level 1.5 Invocations


You had 5 spell levels left.
You knew the following spells:

 Your Spells              Type           Power        Failure   Level  Hunger
b - Stoneskin             Trmt/Erth      #.......     14%         2    ###....
c - Apportation           Tloc           #.........   30%         1    ##.....


Dungeon Overview and Level Annotations

Branches:
Dungeon (6/15)
 Temple: D:4-7

Altars:
Cheibriados
Okawaru
Qazlal
Sif Muna
Trog


Innate Abilities, Weirdness & Mutations

You are too large for most types of armour.
You have claws for hands.
Your metabolism is lightning-fast.
You like to eat raw meat.
You heal very quickly.
You are covered in fur (AC +1).
You have very tough skin (AC +2).


Message History

Evoke which item? (* to show all) (? for menu, Esc to quit)
Zapping:
F - a wand of disintegration {zapped: 3} (will waste charges)
Press: ? - help, Shift-Dir - straight line, f - wyvern
Aim: a wyvern (lightly wounded, poisoned, chance to defeat MR: 65%)
Okay, then.
Evoke which item? (* to show all) (? for menu, Esc to quit)
Zapping:
y - a wand of confusion {recharged} (will waste charges)
Press: ? - help, Shift-Dir - straight line, f - wyvern
Aim: a wyvern (lightly wounded, poisoned, chance to defeat MR: 46%)
The wyvern resists with some effort.
Evoking this partially-identified wand wasted a few charges.
The wyvern bites you but does no damage. x2
Evoke which item? (* to show all) (? for menu, Esc to quit)
Zapping:
y - a wand of confusion {zapped: 3} (will waste charges)
Press: ? - help, Shift-Dir - straight line, f/p - wyvern
Aim: a wyvern (lightly wounded, poisoned, chance to defeat MR: 46%)
The wyvern resists with some effort.
Evoking this partially-identified wand wasted a few charges.
The wyvern bites you!
You die...

..........##
##.#
#.#.#.##..#
#.#
......##..#
#.#
#.#.#####.#
#.# ..###
#.# #.# ###
#.# #.# #.#
#l# #@# ##.#
#.## ###


You could see a wyvern.

Vanquished Creatures
  A sky beast (D:5)
  A centaur zombie (D:4)
  A giant frog skeleton (D:5)
  A hound (D:5)
  A giant frog zombie (D:5)
  4 orc priests (D:4)
  An orc wizard (D:3)
  Ijyb (D:3)
  3 worker ants
  An iguana (D:4)
  2 hound zombies
  4 gnolls (D:4)
  5 adders
  An ooze (D:1)
  An adder zombie (D:5)
  5 worms
  An adder skeleton (D:4)
  2 giant geckos (D:5)
  16 orcs
  5 ball pythons
  15 bats
  5 giant cockroaches
  11 hobgoblins
  5 jackals
  4 kobolds
  2 quokkas
  6 giant newts
  9 goblins
  4 rats
118 creatures vanquished.

Notes
Turn   | Place    | Note
--------------------------------------------------------------
     0 | D:1      | derrpe the Troll Earth Elementalist began the quest for the Orb.
     0 | D:1      | Reached XP level 1. HP: 16/16 MP: 1/1
   221 | D:1      | Reached skill level 1 in Unarmed Combat
   221 | D:1      | Reached XP level 2. HP: 15/24 MP: 2/2
   959 | D:2      | Reached skill level 3 in Earth Magic
   959 | D:2      | Reached XP level 3. HP: 28/32 MP: 3/3
  1123 | D:2      | Reached skill level 1 in Fighting
  1230 | D:2      | Reached XP level 4. HP: 41/41 MP: 4/4
  1503 | D:2      | Noticed an air elemental
  1515 | D:2      | Found a stormy altar of Qazlal.
  1516 | D:2      | Noticed a fire elemental
  1521 | D:2      | Noticed a water elemental
  1522 | D:2      | Noticed an earth elemental
  1532 | D:2      | Became a worshipper of Qazlal Stormbringer
  2043 | D:3      | Learned a level 2 spell: Stoneskin
  2098 | D:3      | Reached XP level 5. HP: 33/48 MP: 5/5
  2371 | D:3      | Learned a level 1 spell: Apportation
  2450 | D:3      | Reached * piety under Qazlal
  2914 | D:3      | Noticed Ijyb
  2928 | D:3      | Killed Ijyb
  2936 | D:3      | Found an iron altar of Okawaru.
  2943 | D:3      | Found a bloodstained altar of Trog.
  3102 | D:4      | Reached skill level 1 in Transmutations
  3285 | D:4      | Reached XP level 6. HP: 38/55 MP: 1/6
  3524 | D:4      | Found a snail-covered altar of Cheibriados.
  3858 | D:4      | Reached skill level 1 in Invocations
  4519 | D:5      | Entered Level 5 of the Dungeon
  4564 | D:5      | Got an iridescent rapier
  4565 | D:5      | Identified the +4 rapier of Duty {venom, rElec} (You found it on level 5 of the Dungeon)
  4862 | D:5      | Reached ** piety under Qazlal
  4862 | D:5      | Reached XP level 7. HP: 62/65 MP: 7/7
  5241 | D:5      | Found a deep blue altar of Sif Muna.
  5488 | D:5      | Reached skill level 4 in Unarmed Combat
  5641 | D:6      | Noticed a wyvern
  5658 | D:6      | HP: 3/66 [wyvern (11)]
  5661 | D:6      | Mangled by a wyvern

Vault maps used:
D:1:      sevenhm_arrival_forest_fort_small_6
D:2:      forest_paths, nicolae_qazlal_style_of_elements, first_bread
D:3:      minitemple, uniq_iyjb
D:4:      kennysheep_mini_moat
D:5:      lemuel_blue_sif_altar, kennysheep_decorative_pillar
D:6:      nicolae_overflow_hidden_temple, minmay_temple_entry_statues,
          grunt_ministairs_3, st_stairs_8

Action                   |  1- 3 |  4- 6 |  7- 9 || total
-------------------------+-------+-------+-------++-------
Melee: Unarmed           |   105 |   250 |       ||   355
       Rapier            |       |     4 |    50 ||    54
Throw: Stone             |    61 |   205 |    29 ||   295
 Cast: Sandblast         |       |     3 |       ||     3
       Stoneskin         |       |     2 |       ||     2
Evoke: Wand              |       |     1 |     2 ||     3
  Use: Scroll            |       |    11 |     2 ||    13
       Potion            |       |     1 |     1 ||     2
  Eat: Chunk             |    17 |    30 |     7 ||    54
